 Dungeon Crawl Stone Soup version 0.28.0-53-g5a82cb258f (webtiles) character file.

Game seed: 11841369738848262923

63833 Gabide the Black Belt (level 15, -7/84 HPs)
             Began as a Vine Stalker Monk on May 30, 2022.
             Was a Priest of Sif Muna.
             Mangled by Donald
             ... wielding a +3 eveningstar of holy wrath
              (30 damage)
             ... on level 2 of the Orcish Mines.
             The game lasted 00:54:06 (20733 turns).

Gabide the Black Belt (Vine Stalker Monk)          Turns: 20733, Time: 00:54:06

Health: -7/84      AC: 17    Str: 13 (14) XL:     15   Next: 11%
Magic:  0/28       EV: 20    Int:  8 (10) God:    Sif Muna [***...]
Gold:   1702       SH:  0    Dex: 22 (24) Spells: 30/30 levels left

rFire   . . .      SeeInvis .     - Unarmed
rCold   . . .      Faith    .   (no shield)
rNeg    . . .      Spirit   +   b - +4 ring mail
rPois   .          Reflect  .   t - +2 helmet
rElec   .          Harm     .   d - +1 cloak
rCorr   .          Rampage  .   (no gloves)
Will    ++...                   m - +0 pair of boots
Stlth   ++........              J - amulet of regeneration
HPRegen 1.84/turn               y - +4 ring of evasion
MPRegen 0.21/turn               k - ring of willpower

@: hasted, very quick
A: fangs 3, regeneration 1, magic shield, antimagic bite, no potion heal 2
a: Renounce Religion, Channel Magic, Forget Spell


You were on level 2 of the Orcish Mines.
You worshipped Sif Muna.
Sif Muna was most pleased with you.
You visited 4 branches of the dungeon, and saw 22 of its levels.

You collected 2067 gold pieces.
You spent 365 gold pieces at shops.

Inventory:

Hand Weapons
 P - the +8 whip "Snakebite" {venom, curare, rPois}
   (You found it on level 2 of the Lair of Beasts)

   It poisons the flesh of those it strikes.
   It occasionally inflicts asphyxiating poison on those it strikes, dealing
   poison damage and causing slowness.
   rPois:     It protects you from poison.
Missiles
 v - 5 datura-tipped darts (quivered)
 C - 28 poisoned darts
Armour
 b - a +4 ring mail (worn)
 d - a +1 cloak (worn)
 m - a +0 pair of boots (worn)
 t - a +2 helmet (worn)
 H - an orb of light
 I - a +0 troll leather armour
Jewellery
 k - a ring of willpower (right hand)
 l - an amulet of the acrobat
 w - a ring of wizardry
 y - a +4 ring of evasion (left hand)
 J - an amulet of regeneration (around neck)
 L - the ring of Zallety {*Slow rN+++ Str+6 Dex+2 Stlth+}
   (You found it on level 12 of the Dungeon)

   [ring of strength]

   Str:       It affects your strength (+6).
   Dex:       It affects your dexterity (+2).
   rN:        It renders you almost immune to negative energy.
   *Slow:     It may slow you when you take damage.
   Stlth:     It makes you more stealthy.
 R - an amulet of magic regeneration
 V - a +6 ring of intelligence
Wands
 u - a wand of iceblast (9)
 x - a wand of digging (13)
 N - a wand of polymorph (5)
 U - a wand of flame (11)
Scrolls
 a - 3 scrolls of magic mapping
 e - a scroll of immolation
 f - 4 scrolls of vulnerability
 j - 3 scrolls of fog
 n - 2 scrolls of amnesia
 p - a scroll of brand weapon {unknown}
 s - 5 scrolls of noise
 B - 2 scrolls of teleportation
 F - a scroll of enchant weapon
Potions
 c - 9 potions of curing
 g - a potion of degeneration
 h - 2 potions of cancellation {unknown}
 i - a potion of ambrosia {unknown}
 o - 3 potions of brilliance
 r - 2 potions of berserk rage {unknown}
 z - 2 potions of attraction {unknown}
 D - 2 potions of mutation {unknown}
 K - 4 potions of magic
 Q - a potion of flight {unknown}
 S - a potion of invisibility {unknown}
Miscellaneous
 M - a phial of floods (inert)
 O - a box of beasts (inert)


   Skills:
 - Level 12.0 Fighting
 - Level 8.0 Armour
 + Level 8.2 Dodging
 - Level 2.4 Stealth
 - Level 16.0 Unarmed Combat
 - Level 8.0 Spellcasting
 - Level 8.0 Invocations


You had 30 spell levels left.
You didn't know any spells.
Your spell library contained the following spells:

 Spells                   Type           Power      Damage    Failure   Level
 Foxfire                  Conj/Fire      12%        2x1d4     36%         1
 Freeze                   Ice            12%        1d4       36%         1
 Shock                    Conj/Air       12%        1d3       36%         1
 Corpse Rot               Necr/Air       6%         N/A       50%         2
 Ensorcelled Hibernation  Hex/Ice        6%         N/A       50%         2
 Scorch                   Fire           6%         2d5       50%         2
 Static Discharge         Conj/Air       3%         N/A       50%         2
 Sublimation of Blood     Necr           3%         N/A       50%         2
 Wereblood                Tmut           3%         N/A       50%         2
 Conjure Flame            Conj/Fire      3%         6-21      73%         3
 Frozen Ramparts          Ice            6%         1d2       73%         3
 Gell's Gravitas          Tloc           3%         N/A       73%         3
 Ignite Poison            Fire/Tmut/Pois 3%         N/A       73%         3
 Mephitic Cloud           Conj/Pois/Air  3%         N/A       73%         3
 Spider Form              Tmut/Pois      3%         N/A       73%         3
 Summon Guardian Golem    Hex/Summ       3%         N/A       73%         3
 Teleport Other           Tloc           3%         N/A       73%         3
 Airstrike                Air            1%         N/A       98%         4
 Anguish                  Hex/Necr       1%         N/A       98%         4
 Animate Armour           Summ/Erth      6%         N/A       98%         4
 Dispel Undead            Necr           3%         3d7       98%         4
 Flame Wave               Conj/Fire      3%         2d4       98%         4
 Hailstorm                Conj/Ice       3%         3d3       98%         4
 Ice Form                 Ice/Tmut       3%         N/A       98%         4
 Petrify                  Tmut/Erth      3%         N/A       98%         4
 Sticky Flame             Conj/Fire      3%         2d3       98%         4
 Borgnjor's Vile Clutch   Necr/Erth      1%         N/A       100%        5
 Fireball                 Conj/Fire      1%         3d3       100%        5
 Freezing Cloud           Conj/Ice/Air   1%         6-21      100%        5
 Irradiate                Conj/Tmut      1%         3d14      100%        5
 Lee's Rapid Deconstruct  Erth           1%         3d5*      100%        5
 Death Channel            Necr           1%         N/A       100%        6
 Dispersal                Tloc           1%         N/A       100%        6
 Simulacrum               Ice/Necr       1%         N/A       100%        6
 Starburst                Conj/Fire      1%         6d3       100%        6
 Statue Form              Tmut/Erth      2%         N/A       100%        6
 Summon Cactus Giant      Summ           1%         N/A       100%        6
 Orb of Destruction       Conj           1%         9d5       100%        7
 Spellforged Servitor     Conj/Summ      1%         N/A       100%        7
 Summon Hydra             Summ           1%         N/A       100%        7
 Ignition                 Fire           1%         3d3       100%        8
 Maxwell's Capacitive Co  Air            1%         ∞         100%        8
 Chain Lightning          Conj/Air       1%         3d2       100%        9


Dungeon Overview and Level Annotations

Branches:
Dungeon (13/15)            Temple (1/1) D:6            Lair (6/6) D:8
 Shoals (0/4) Lair:3       Spider (0/4) Lair:3        Slime (0/5) Lair:6
    Orc (2/2) D:10
    Elf: Orc:2       Vaults: D:13-14

Altars:
Ashenzari
Cheibriados
Dithmenos
Elyvilon
Fedhas
Gozag
Hepliaklqana
Kikubaaqudgha
Makhleb
Nemelex Xobeh
Okawaru
Qazlal
Ru
Sif Muna
Trog
Uskayaw
Vehumet
Wu Jian
Xom
Yredelemnul
Zin
The Shining One
Beogh

Shops:
D:1 ?   D:4 *   Orc:2 (:

Annotations:
D:3 1 runed translucent door, Crazy Yiuf
D:12 3 runed translucent doors, spica's ghost, journeyman GrEE
D:13 Frances
Lair:1 2 transporters
Orc:1 2 transporters, Xiollaen's ghost, journeyman MiFi
Orc:2 Donald


Innate Abilities, Weirdness & Mutations

You have razor-sharp teeth.
Your natural rate of healing is unusually fast.
When hurt, damage is shared between your health and your magic reserves.
Your bite disrupts and absorbs the magic of your enemies.
Potions cannot restore your health.


Message History

Donald is heavily wounded.
Donald misses you.
You pummel Donald!! Donald blocks your attack.
Donald is almost dead.
Donald closely misses you. Donald blocks your attack. x2
Donald is almost dead.
You hit Donald but do no damage. Your punch misses Donald.
Donald is almost dead.
Donald hits you with a +3 eveningstar of holy wrath!!!
* * * LOW HITPOINT WARNING * * *
You barely miss Donald. You punch Donald, but do no damage.
Donald is almost dead.
Donald hits you but does no damage. Donald blocks your attack. x2
Donald is almost dead.
Donald's magic is no longer disrupted.
Donald says, "I'll never be able to carry all this gold!
I hate that."
Items here: ))))))) [[[.
Donald says, "It's like an all you can read... something."
You see here a +0 club.
The orc shouts!
Donald says, "Why would someone put a sword in a little box?"
Donald hits you with a +3 eveningstar of holy wrath!!
* * * LOW HITPOINT WARNING * * *
Donald is no longer moving quickly.
Donald says, "I hope I haven't come all this way for a glorified paperweight."
Throw: 7 darts (datura)
Press: ? - help, Q - select action, (/) - cycle Shift-Dir - straight line, f - orc, p - Donald
Aim: an orc, wielding a +0 mace (69% to hit, chance to frenzy on hit: 100%)
You throw a datura-tipped dart.
The datura-tipped dart barely misses the orc.
The orc high priest shouts!
Throw: 6 darts (datura)
Press: ? - help, Q - select action, (/) - cycle Shift-Dir - straight line, f/p - orc
Aim: an orc, wielding a +0 mace (69% to hit, chance to frenzy on hit: 100%)
You throw a datura-tipped dart. The datura-tipped dart hits the orc.
The orc flies into a frenzy!
Donald hits you with a +3 eveningstar of holy wrath!!
You die...

#.))####.## #####).## ###
#.##....# ### ###..)[.##
..## ##.....### ...##
#........# ....#
####....)...## ....#
#.#......@...#
....####.(....o.@...###
......##..............##
.......#..o...#........###
............#.#..........##
...........#####.#........#
###.........## ####........
#............###........###
..........<...##.......##
..............##....#...#


You could see Donald (strong), an orc high priest and a neutral orc (fast,
strong, insane).

Vanquished Creatures
  3 boulder beetles
  Harold (D:8)
  7 hydras
  A catoblepas (Lair:5)
  An ice dragon (Lair:6)
  2 two-headed ogres
  6 death yaks (Lair:6)
  6 orc high priests (Orc:2)
  2 lindwurms (Lair:6)
  3 orc knights
  A manticore (D:11)
  2 orc sorcerers
  A cyclops (D:12)
  7 black mambas
  5 elephants (Lair:2)
  4 torpor snails (Lair:6)
  12 cane toads
  Maggie (D:6)
  A kobold demonologist (D:12)
  4 komodo dragons
  3 tyrant leeches (Lair:6)
  5 trolls
  3 polar bears
  6 hornets (Lair:6)
  11 blink frogs
  7 slime creatures
  4 shadows
  2 wraiths
  2 basilisks
  2 wyverns
  38 yaks
  A steam dragon (D:7)
  7 wargs
  An acid dragon (D:9)
  20 water moccasins
  22 orc warriors
  A sky beast (D:8)
  An ice beast (D:7)
  4 black bears
  A hornet zombie (D:8)
  6 necrophages (Lair:4)
  7 ogres
  10 centaurs
  16 wolves
  A phantom (D:5)
  5 kobold brigands
  12 bullfrogs
  3 gnoll sergeants
  10 scorpions
  16 killer bees
  9 wights
  6 howler monkeys
  5 electric eels
  5 centaur zombies
  A bullfrog zombie (D:5)
  3 jellies
  3 hounds
  A bullfrog skeleton (D:4)
  31 orc priests
  4 iguanas
  11 orc wizards
  6 hell rats (Lair:3)
  A killer bee zombie (D:6)
  A howler monkey zombie (D:6)
  23 gnolls
  8 adders
  A shadow imp (D:6)
  3 white imps
  An ufetubus (D:6)
  An adder skeleton (D:4)
  3 worms
  3 dart slugs
  65 orcs
  2 bats
  5 endoplasms
  6 giant cockroaches
  4 goblins
  6 hobgoblins
  8 jackals
  11 kobolds
  2 quokkas
  4 ball pythons
  A frilled lizard (D:2)
  7 rats
548 creatures vanquished.

Vanquished Creatures (collateral kills)
  Kirke (Lair:6)
  Fannar (Lair:2)
  2 orc high priests (Orc:2)
  An ugly thing (D:12)
  A cyclops (D:12)
  A cane toad (Lair:2)
  A hornet (Lair:6)
  A shadow (D:12)
  A wraith (D:12)
  A hog (Lair:6)
  A water moccasin (Lair:2)
  An electric eel (D:8)
  An orc priest (Orc:2)
  2 hounds (D:8)
  5 orc wizards
  A gnoll (Orc:2)
  10 orcs
32 creatures vanquished.

Vanquished Creatures (others)
  An ugly thing (D:12)
  2 humans (Lair:6)
  A hog (Lair:6)
  A wolf (D:8)
  A bullfrog (D:7)
  A hound (D:8)
  2 gnolls
  5 orcs
  20 fungi
  52 plants
86 creatures vanquished.

Grand Total: 666 creatures vanquished

Notes
Turn   | Place    | Note
-------+----------+-------------------------------------------
     0 | D:1      | Gabide the Vine Stalker Monk began the quest for the Orb.
     0 | D:1      | Reached XP level 1. HP: 11/11 MP: 2/2
    54 | D:1      | Found Jusunei's Magic Scroll Shoppe.
    74 | D:1      | Bought a scroll of identify for 20 gold pieces
   100 | D:1      | Reached XP level 2. HP: 2/16 MP: 1/3
  1001 | D:2      | Reached XP level 3. HP: 14/20 MP: 4/4
  1309 | D:2      | Found a bloodstained altar of Trog.
  1491 | D:2      | Found a faded altar of an unknown god.
  2446 | D:2      | Gained mutation: Your natural rate of healing is unusually
                  | fast. [Vine Stalker growth]
  2446 | D:2      | Reached XP level 4. HP: 9/24 MP: 1/5
  2852 | D:3      | Reached XP level 5. HP: 25/28 MP: 6/6
  2892 | D:3      | Found a runed translucent door.
  2893 | D:3      | Noticed Crazy Yiuf
  3396 | D:4      | Reached skill level 4 in Unarmed Combat
  3434 | D:4      | Reached XP level 6. HP: 14/33 MP: 5/7
  3482 | D:4      | Found Ihyifa's General Store.
  3495 | D:4      | Bought a potion of curing for 42 gold pieces
  3495 | D:4      | Bought a +0 pair of boots for 63 gold pieces
  3811 | D:4      | Identified the +0 ring mail of the Worm {-Tele Will+ Int+3}
  4104 | D:5      | Entered Level 5 of the Dungeon
  4116 | D:4      | Reached XP level 7. HP: 37/38 MP: 8/8
  4138 | D:5      | Reached skill level 1 in Armour
  4570 | D:5      | Gained mutation: You have razor-sharp teeth. [Vine Stalker
                  | growth]
  4570 | D:5      | Reached XP level 8. HP: 42/42 MP: 10/13
  4760 | D:5      | Reached skill level 5 in Unarmed Combat
  4799 | D:5      | Reached skill level 5 in Fighting
  4806 | D:5      | Reached skill level 5 in Dodging
  5074 | D:6      | Noticed Maggie
  5115 | D:6      | Killed Maggie
  5231 | D:6      | Reached skill level 6 in Unarmed Combat
  5283 | D:6      | Reached XP level 9. HP: 39/48 MP: 9/14
  5364 | D:6      | Found a staircase to the Ecumenical Temple.
  5380 | Temple   | Entered the Ecumenical Temple
  5488 | Temple   | Became a worshipper of Sif Muna the Loreminder
  5488 | Temple   | Reached * piety under Sif Muna
  5488 | Temple   | Reached ** piety under Sif Muna
  6014 | D:7      | Reached skill level 7 in Unarmed Combat
  6165 | D:7      | Found a radiant altar of Vehumet.
  6595 | D:7      | Reached skill level 8 in Unarmed Combat
  6950 | D:8      | Noticed a troll
  6962 | D:8      | Killed a troll
  6995 | D:8      | Noticed a two-headed ogre
  7014 | D:8      | Killed a two-headed ogre
  7015 | D:8      | Reached XP level 10. HP: 32/56 MP: 11/17
  7217 | D:8      | Found a staircase to the Lair.
  7217 | D:8      | Noticed Harold
  7256 | D:8      | Killed Harold
  7290 | D:8      | Reached *** piety under Sif Muna
  8505 | D:9      | Reached skill level 5 in Armour
  8543 | D:9      | Reached skill level 5 in Spellcasting
  8543 | D:9      | Reached XP level 11. HP: 59/60 MP: 17/19
  8663 | D:9      | Noticed a boulder beetle
  8702 | D:9      | Killed a boulder beetle
  8703 | D:9      | Reached skill level 9 in Unarmed Combat
  9036 | D:9      | Reached **** piety under Sif Muna
  9228 | D:10     | Entered Level 10 of the Dungeon
  9315 | D:10     | Found a staircase to the Orcish Mines.
  9345 | D:10     | Reached skill level 10 in Unarmed Combat
 10608 | D:11     | Reached skill level 11 in Unarmed Combat
 10816 | D:11     | Noticed a manticore
 10824 | D:11     | Killed a manticore
 10825 | D:11     | Reached skill level 12 in Unarmed Combat
 10888 | D:11     | Noticed a two-headed ogre
 10893 | D:11     | Killed a two-headed ogre
 10894 | D:11     | Reached XP level 12. HP: 47/64 MP: 20/20
 11052 | D:11     | Noticed a four-headed hydra
 11061 | D:11     | Killed a four-headed hydra
 11510 | D:12     | Reached skill level 13 in Unarmed Combat
 11518 | D:12     | Reached ***** piety under Sif Muna
 11552 | D:12     | Received a gift from Sif Muna
 11707 | D:12     | Reached skill level 14 in Unarmed Combat
 11863 | D:12     | Identified the +11 chain mail "Xuch" {-Tele Harm +Inv rCorr
                  | Stlth-}
 11865 | D:12     | Found a runed translucent gate.
 11865 | D:12     | Noticed spica's ghost (journeyman GrEE)
 11866 | D:12     | Found a runed translucent gate.
 11867 | D:12     | Found a runed translucent gate.
 11879 | D:12     | Noticed a boulder beetle
 11912 | D:12     | Killed a boulder beetle
 11989 | D:12     | Found a blossoming altar of Fedhas.
 12023 | D:12     | Identified the ring of Zallety {*Slow rN+++ Str+6 Dex+2
                  | Stlth+}
 12458 | D:13     | Noticed Frances
 12459 | D:13     | Noticed a tengu warrior
 12623 | Lair:1   | Entered Level 1 of the Lair of Beasts
 12648 | Lair:1   | Reached skill level 15 in Unarmed Combat
 12683 | Lair:1   | Noticed a seven-headed hydra
 12690 | Lair:1   | Killed a seven-headed hydra
 12838 | Lair:1   | Noticed a seven-headed hydra
 12844 | Lair:1   | Killed a seven-headed hydra
 12895 | Lair:1   | Found a transporter.
 12896 | Lair:1   | Found a transporter.
 12896 | Lair:1   | Noticed a boulder beetle
 12896 | Lair:1   | Noticed a boulder beetle
 13394 | Lair:2   | Noticed Fannar
 13414 | Lair:2   | Killed Fannar
 13415 | Lair:2   | Reached XP level 13. HP: 48/68 MP: 21/21
 13418 | Lair:2   | Reached skill level 16 in Unarmed Combat
 13418 | Lair:2   | Reached skill level 1 in Invocations
 13593 | Lair:2   | Received a gift from Sif Muna
 13594 | Lair:2   | Reached skill level 5 in Invocations
 14068 | Lair:2   | Found the +8 whip "Snakebite" {venom, curare, rPois}
 14687 | Lair:3   | Found a staircase to the Shoals.
 14732 | Lair:3   | Found a hole to the Spider Nest.
 15432 | Lair:4   | Received a gift from Sif Muna
 15433 | Lair:4   | Got Sif Muna's Almanac of the Birds {god gift}
 15651 | Lair:4   | Reached XP level 14. HP: 73/73 MP: 22/22
 16692 | Lair:6   | Entered Level 6 of the Lair of Beasts
 16928 | Lair:6   | Found a staircase to the Slime Pits.
 16953 | Lair:6   | Noticed Kirke
 16966 | Lair:6   | Killed Kirke
 17232 | Lair:6   | Found a runed translucent door.
 17270 | Lair:6   | Paralysed by a hornet for 3 turns
 17982 | Lair:6   | Paralysed by a hornet for 2 turns
 17987 | Lair:6   | Paralysed by a hornet for 2 turns
 18281 | Lair:6   | Reached skill level 10 in Fighting
 18321 | Lair:6   | Paralysed by a hornet for 3 turns
 18987 | Orc:1    | Entered Level 1 of the Orcish Mines
 19005 | Orc:1    | Received a gift from Sif Muna
 19171 | Orc:1    | Got Sif Muna's Almanac of Confrontation and Stones {god
                  | gift}
 19230 | Orc:1    | Noticed Xiollaen's ghost (journeyman MiFi)
 19232 | Orc:1    | Found a transporter.
 19312 | Orc:1    | Found a transporter.
 19620 | Orc:2    | Entered Level 2 of the Orcish Mines
 20070 | Orc:2    | Reached XP level 15. HP: 75/83 MP: 23/28
 20104 | Orc:2    | Found Iruimipn's Weapon Shop.
 20104 | Orc:2    | Found Wofyckut's Book Shoppe.
 20120 | Orc:2    | Bought A Thorough Guide to Witchery for 240 gold pieces
 20424 | Orc:1    | Identified a scroll of acquirement
 20424 | Orc:1    | Acquired a ring of willpower
 20650 | Orc:2    | Noticed Donald
 20733 | Orc:2    | Mangled by Donald

Illustrated notes

Levels and vault maps discovered:
D:1:      lemuel_arrival_hallway, layout_rooms, serial_shops,
          nicolae_shop_competitors_out_of_business
D:2:      layout_loops_corners, basic_altar, dreamdust_ecumenical_altar_statues
D:3:      layout_basic, uniq_crazy_yiuf_cottage
D:4:      nicolae_cairo_tiling_large, layout_gridville, serial_shops,
          shop_statue
D:5:      layout_gridville
D:6:      layout_cave_pools, minmay_temple_entry_junction, serial_bayou,
          serial_bayou_crossing, serial_bayou_pond_e, serial_bayou_ford_a,
          serial_bayou_shore_b, serial_bayou_pond_d, minmay_misc_feat_rows,
          uniq_maggie
D:7:      layout_cave_pools, nicolae_vehumet_radiance
D:8:      layout_loops_ring, erik_lair_island, uniq_harold
D:9:      layout_loops_ring
D:10:     layout_basic, david_orc_3, kennysheep_donut
D:11:     layout_stronghold
D:12:     layout_basic, biasface_ghost_orc_armoury, small_chamber_with_monster,
          fedhas_altar_2
D:13:     layout_cave_pools, david_vaults_3, enter_trove_3, special_room
          [special_room_bee], kennysheep_pointless_box, the_hattery,
          uniq_erolcha, uniq_azrael, uniq_frances, uniq_sonja
Temple:   kilobyte_greek_temple
Lair:1:   gammafunk_boulding_lane, layout_cellular_growth
Lair:2:   minmay_guarded_unrand_snakebite, layout_hall_layers,
          cheibrodos_lair_lostbears, uniq_fannar
Lair:3:   layout_gridlike, minmay_shoals_entry_centaurs,
          nicolae_spider_entry_non_spiders
Lair:4:   layout_concentric_octagons, roderic_carrion_pond
Lair:5:   layout_misc_corridors, serial_bayou_shore_b
Lair:6:   wormcave, layout_cave_pods, minmay_slime_entry_pillars, serial_rivers,
          chequers_serial_rivers_small_b, chequers_serial_rivers_small_a,
          chequers_serial_rivers_small_3, chequers_serial_rivers_room_b,
          uniq_kirke
Orc:1:    layout_caves, gammafunk_ghost_arena
Orc:2:    st_orc_town, layout_diamond_mine, serial_shops, shop, uniq_donald

Skill      XL: |  1  2  3  4  5  6  7  8  9 10 11 12 13 14 15 |
---------------+----------------------------------------------+-----
Fighting       | 3 4 5 7 8 11 12 | 12.0
Dodging        | 3 4 5 6 8 |  8.2
Unarmed Combat | 4 6 8 12 15 16 | 16.0
Armour         | 3 4 5 7 8 |  8.0
Spellcasting   | 3 4 5 8 |  8.0
Invocations    | 8 |  8.0
Stealth        | |  2.4

Action                   |  1- 3 |  4- 6 |  7- 9 | 10-12 | 13-15 || total
-------------------------+-------+-------+-------+-------+-------++-------
Melee: Unarmed           |   115 |   149 |   351 |   737 |  1043 ||  2395
       Bite              |    24 |    54 |   123 |   336 |   486 ||  1023
       Punch             |     4 |     4 |    15 |    32 |     4 ||    59
Throw: Dart              |       |    19 |    57 |    30 |    22 ||   128
       Throwing net      |       |       |       |     4 |       ||     4
Invok: Channel Magic     |       |       |       |     1 |    17 ||    18
Evoke: Wand              |       |       |     7 |     3 |     9 ||    19
       Box of beasts     |       |       |       |       |     1 ||     1
       Phial of floods   |       |       |       |       |     1 ||     1
  Use: Scroll            |     3 |     3 |     5 |     8 |    14 ||    33
       Potion            |     1 |       |       |       |     9 ||    10
 Stab: Sleeping          |     6 |     5 |       |       |       ||    11
       Distracted        |     1 |     1 |       |       |     1 ||     3
       Held in net/web   |       |       |       |     3 |       ||     3
Armor: Robe              |    16 |    14 |       |       |       ||    30
       Skin              |     5 |       |       |       |       ||     5
       Ring mail         |       |     6 |   168 |   170 |   311 ||   655
Dodge: Dodged            |    68 |    86 |   364 |   643 |   942 ||  2103
